 Dungeon Crawl Stone Soup version 0.27-a0-1060-gcb85b5eba1 (webtiles) character file.

Game seed: 16928322225447821312

36 pokeman the Magician (level 3, -3/20 HPs)
             Began as a Deep Elf Hedge Wizard on Apr 21, 2021.
             Slain by Sigmund
             ... wielding a +0 scythe
              (8 damage)
             ... on level 2 of the Dungeon.
             The game lasted 00:02:44 (1893 turns).

pokeman the Magician (Deep Elf Hedge Wizard)        Turns: 1893, Time: 00:02:45

Health: -3/20      AC:  4    Str:  7    XL:     3   Next: 19%
Magic:  10/11      EV: 16    Int: 19    God:
Gold:   6          SH:  0    Dex: 14    Spells: 1/12 levels left

rFire    . . .     SeeInvis +   a - +0 dagger
rCold    . . .     Faith    .   (no shield)
rNeg     . . .     Spirit   .   b - +0 robe
rPois    .         Reflect  .   c - +0 hat
rElec    .         Harm     .   (no cloak)
rCorr    .         Rampage  .   (no gloves)
Will     .....                  f - +1 pair of boots
Stlth    +.........             (no amulet)
HPRegen  0.06/turn              d - ring of see invisible
MPRegen  0.12/turn              j - +4 ring of evasion

@: confused
A: no striking features
a: no special abilities


You were on level 2 of the Dungeon.
You visited 1 branch of the dungeon, and saw 3 of its levels.

You collected 20 gold pieces.
You spent 14 gold pieces at shops.

Inventory:

Hand Weapons
 a - a +0 dagger (weapon)
Missiles
 l - 18 arrows
Armour
 b - a +0 robe (worn)
 c - a +0 hat (worn)
 f - a +1 pair of boots (worn)
Jewellery
 d - a ring of see invisible (left hand)
 j - a +4 ring of evasion (right hand)
 o - a ring of ice
Scrolls
 e - 2 scrolls of identify {unknown}
 h - 2 scrolls of enchant weapon {unknown}
 i - a scroll of vulnerability {unknown}
 k - 2 scrolls of teleportation {unknown}
 m - a scroll of noise {unknown}
 p - a scroll of magic mapping {unknown}
Potions
 g - a potion of lignification {unknown}
 n - a potion of magic {unknown}
 q - a potion of curing {unknown}


   Skills:
 + Level 0.8 Fighting
 + Level 0.8 Armour
 - Level 2.4 Dodging
 - Level 2.4 Stealth
 * Level 5.1 Spellcasting
 + Level 1.8 Conjurations
 - Level 1.1 Summonings
 - Level 1.1 Translocations


You had one spell level left.
You knew the following spells:

 Your Spells              Type           Power      Damage    Failure   Level
a - Magic Dart            Conj           44%        1d5       6%          1
b - Mephitic Cloud        Conj/Pois/Air  7%         N/A       28%         3
c - Call Imp              Summ           9%         N/A       12%         2
d - Blink                 Tloc           N/A        N/A       12%         2
e - Conjure Flame         Conj/Fire      8%         6-21      26%         3

Your spell library contained the following spells:

 Spells                   Type           Power      Damage    Failure   Level
 Slow                     Hex            4%         N/A       19%         2


Dungeon Overview and Level Annotations

Branches:
Dungeon (3/15)

Altars:

Shops:
D:2 !

Annotations:
D:2 Sigmund


Message History

You can't see any susceptible monsters within range! (Use Z to cast anyway.) Unknown command.
You see here a potion of degeneration.
You see here 19 stones.
Found a dagger.
There is an escape hatch in the ceiling here.
You see here a +0 dagger.
Sigmund the Dreaded comes into view.
He is wielding a +0 scythe.
Sigmund shouts!
Sigmund moves out of view.
Sigmund is nearby!
Casting: Magic Dart (safe; 6% risk of failure)
Confirm with . or Enter, or press ? or * to list all spells.
The spell is extremely dangerous to cast (26% risk of failure)!
Continue anyway?
The fire begins to smolder!
The fire ignites!
Sigmund gestures at you while chanting.
You are confused.
Sigmund points at you and mumbles some strange words.
You are more confused.
Sigmund casts a spell at you. The puff of flame hits you!
Sigmund gestures at you while chanting. The magic dart hits you.
You bump into the rock wall.
You bump into the rock wall.
Sigmund gestures at you while chanting. The magic dart hits you.
* * * LOW HITPOINT WARNING * * *
You bump into the rock wall.
Sigmund barely misses you.
Sigmund screams, "Die, monster!"
Sigmund casts a spell at you.
You are more confused.
You bump into the rock wall.
Sigmund laughs darkly.
Sigmund casts a spell at you.
You are more confused.
You bump into the rock wall.
Sigmund barely misses you.
You bump into the rock wall.
Sigmund hits you with a +0 scythe!
You die...

...<.#.##...####.#
#.#
#...##.........#.#
#.# #..##
.........).# #.#
#..# .....<...###
#.# #..#
###..@.....# #.##
#..# #..#####.#
#..# #..# #..# #.#
##.# .. #@# #.# .
#@# #.# #.# ##.#
#.......# #..#
####.#### ###.####
# #..#....
#.#.#### #.#.#
#######.#.#
#.........#


You could see Sigmund.

Vanquished Creatures
  An adder (D:2)
  3 endoplasms
  3 goblins (D:1)
  2 hobgoblins (D:1)
  3 jackals (D:2)
  2 quokkas
  A ball python (D:1)
  3 bats (D:1)
  3 kobolds
  5 rats
26 creatures vanquished.

Notes
Turn   | Place    | Note
-------+----------+-------------------------------------------
     0 | D:1      | pokeman the Deep Elf Hedge Wizard began the quest for the
                  | Orb.
     0 | D:1      | Reached XP level 1. HP: 10/10 MP: 7/7
   333 | D:1      | Reached XP level 2. HP: 4/16 MP: 1/9
   813 | D:1      | Found a faded altar of an unknown god.
  1139 | D:2      | You fall into a shaft and drop 1 floor!
  1516 | D:2      | Found Omaobyeq's Distillery.
  1520 | D:2      | Bought a potion of degeneration for 14 gold pieces
  1643 | D:2      | Reached skill level 5 in Spellcasting
  1643 | D:2      | Reached XP level 3. HP: 17/20 MP: 1/11
  1647 | D:2      | Learned a level 3 spell: Mephitic Cloud
  1650 | D:2      | Learned a level 2 spell: Call Imp
  1653 | D:2      | Learned a level 2 spell: Blink
  1657 | D:2      | Learned a level 3 spell: Conjure Flame
  1869 | D:2      | Noticed Sigmund
  1893 | D:2      | Slain by Sigmund

Illustrated notes

Levels and vault maps discovered:
D:1:      psy_arrival_dodecagon, layout_basic,
          hellmonk_ecumenical_altar_pennies_from_heaven
D:2:      layout_loops_ring, serial_shops, shop, uniq_natasha, uniq_sigmund
D:3:      layout_loops_ring, serial_park_tiny_1, uniq_robin, uniq_ijyb

Skill      XL: |  1  2 |
---------------+-------+-----
Spellcasting   | 5 |  5.1
Fighting       | |  0.8
Armour         | |  0.8
Dodging        | |  2.4
Stealth        | |  2.4
Conjurations   | |  1.8
Summonings     | |  1.1
Translocations | |  1.1

Action                   || total
-------------------------++-------
Melee: Dagger            ||    12
 Cast: Magic Dart        ||    79
       Conjure Flame     ||     1
Armor: Robe              ||     3
Dodge: Dodged            ||    21

Table legend: (Time is in decaauts)
 A = Elapsed time spent in this place.
 B = Non-inter-level travel time spent in this place.
 C = Inter-level travel time spent in this place.
 D = Time resting spent in this place.
 E = Time spent auto-exploring this place.
 F = Levels seen in this place.
 G = Mean time per level.
                   A        B        C        D        E       F      G
               +--------+--------+--------+--------+--------+-----+--------+
         Total |   1894 |   1857 |     37 |      0 |   1651 |   3 |  631.3 |
       Dungeon |   1894 |   1857 |     37 |      0 |   1651 |   3 |  631.3 |
               +--------+--------+--------+--------+--------+-----+--------+

Top non-repeatable levels by time:
     D:1: 1120 daAuts
     D:2: 609 daAuts
     D:3: 164 daAuts
